 Dungeon Crawl Stone Soup version 0.29-a0-355-g7276a9ff7f (webtiles) character file.

Game seed: 10848935958889315646

2557 Morbidden the Chopper (level 9, -2/67 HPs)
             Began as a Demonspawn Fighter on Apr 25, 2022.
             Was a Priest of Cheibriados.
             Slain by an orc warrior
             ... wielding a +0 trident
              (18 damage)
             ... in a bailey.
             The game lasted 00:10:18 (5992 turns).

Morbidden the Chopper (Demonspawn Fighter)          Turns: 5992, Time: 00:10:18

Health: -2/67      AC: 16    Str: 31    XL:     9   Next: 31%
Magic:  13/13      EV: 14    Int: 20    God:    Cheibriados [***...]
Gold:   420        SH:  7    Dex: 19    Spells: 8/14 levels left

rFire   . . .      SeeInvis .   a - +1 war axe
rCold   . . .      Faith    .   j - +2 buckler
rNeg    . . .      Spirit   .   B - +3 chain mail
rPois   .          Reflect  .   r - +0 helmet
rElec   .          Harm     .   (no cloak)
rCorr   .          Rampage  .   c - +0 pair of gloves
Will    .....                   (no boots)
Stlth   ..........              i - amulet of regeneration
HPRegen 1.01/turn               p - +4 ring of evasion
MPRegen 0.26/turn               v - +6 ring of strength

@: mighty, very slow
A: hooves 1, magic regeneration, sharp scales 2
a: Renounce Religion, Bend Time, Temporal Distortion


You were in a bailey.
You worshipped Cheibriados.
Cheibriados was most pleased with you.
You visited 2 branches of the dungeon, and saw 8 of its levels.
You also visited: Bailey.

You collected 420 gold pieces.

Inventory:

Hand Weapons
 a - a +1 war axe (weapon)
 y - a +0 mace
Missiles
 s - 12 poisoned darts
 C - a throwing net
Armour
 c - a +0 pair of gloves (worn)
 j - a +2 buckler (worn)
 r - a +0 helmet (worn)
 B - a +3 chain mail (worn)
Jewellery
 e - a ring of resist corrosion
 i - an amulet of regeneration (around neck)
 k - a ring of poison resistance
 p - a +4 ring of evasion (left hand)
 v - a +6 ring of strength (right hand)
Wands
 m - a wand of paralysis (11) (quivered)
Scrolls
 b - 2 scrolls of enchant weapon
 h - 3 scrolls of noise
 q - 2 scrolls of fog
Potions
 d - a potion of might
 g - 5 potions of curing
 l - 2 potions of magic
 o - a potion of degeneration {unknown}
 u - 2 potions of lignification
 w - a potion of brilliance
 x - a potion of flight {unknown}
 z - a potion of attraction {unknown}
 A - a potion of heal wounds


   Skills:
 * Level 4.8 Fighting
 * Level 7.1(7.2) Axes
 * Level 1.2(4.6) Maces & Flails
 + Level 4.1 Armour
 * Level 2.7 Dodging
 + Level 3.9 Shields
 * Level 3.0 Spellcasting
 * Level 2.9 Conjurations
 * Level 2.4 Translocations
 * Level 2.5 Fire Magic
 * Level 4.0 Invocations


You had 8 spell levels left.
You knew the following spells:

 Your Spells              Type           Power      Damage    Failure   Level
a - Foxfire               Conj/Fire      56%        2x1d6     28%         1
z - Manifold Assault      Tloc           12%        N/A       100%        5

Your spell library contained the following spells:

 Spells                   Type           Power      Damage    Failure   Level
 Blink                    Tloc           24%        N/A       45%         2
 Conjure Flame            Conj/Fire      14%        6-21      63%         3
 Gell's Gravitas          Tloc           12%        N/A       69%         3
 Lesser Beckoning         Tloc           12%        N/A       69%         3
 Teleport Other           Tloc           12%        N/A       69%         3
 Sublimation of Blood     Necr           3%         N/A       78%         2
 Inner Flame              Hex/Fire       8%         N/A       83%         3
 Mephitic Cloud           Conj/Pois/Air  6%         N/A       87%         3
 Ignite Poison            Fire/Tmut/Pois 6%         N/A       88%         3
 Summon Guardian Golem    Hex/Summ       3%         N/A       95%         3
 Flame Wave               Conj/Fire      14%        2d6       95%         4
 Petrify                  Tmut/Erth      3%         N/A       100%        4
 Freezing Cloud           Conj/Ice/Air   3%         6-21      100%        5
 Irradiate                Conj/Tmut      4%         3d14      100%        5
 Malign Gateway           Summ/Tloc      3%         N/A       100%        7
 Orb of Destruction       Conj           7%         9d6       100%        7
 Spellforged Servitor     Conj/Summ      4%         N/A       100%        7
 Summon Horrible Things   Summ           1%         N/A       100%        8


Dungeon Overview and Level Annotations

Branches:
Dungeon (7/15)             Temple (1/1) D:4          Bailey (1/1)

Altars:
Ashenzari
Cheibriados
Dithmenos
Elyvilon
Fedhas
Gozag
Hepliaklqana
Kikubaaqudgha
Makhleb
Nemelex Xobeh
Okawaru
Qazlal
Ru
Sif Muna
Trog
Uskayaw
Vehumet
Wu Jian
Xom
Yredelemnul
Zin
The Shining One

Shops:
D:1 *

Annotations:
D:7 Prince Ribbit Bailey 2 runed translucent doors


Innate Abilities, Weirdness & Mutations

You have large cloven feet.
You regenerate magic rapidly.
You are mostly covered in razor-sharp scales. (AC +2, Slay +2)


Message History

Aim: an orc knight, wielding a +0 trident and wearing a +0 plate armour (chance to affect: 31%)
The orc knight easily resists.
The orc knight hits you from afar with a +0 trident.
The orc hits you with a +0 trident.
Unknown command.
Aiming: Paralyse
Press: ? - help, Q - select action, (/) - cycle Shift-Dir - straight line, f/p - orc knight
Aim: an orc knight, wielding a +0 trident and wearing a +0 plate armour (chance to affect: 31%)
The orc knight suddenly stops moving!
You block the orc's attack.
Unknown command.
Unknown command.
The deep elf pyromancer shouts!
The orc warrior hits you with a +0 trident.
You block the orc's attack. The orc closely misses you.
The orc warrior hits you from afar with a +0 glaive!
The orc warrior barely misses you.
Unknown command.
The helpless orc knight fails to defend itself.
You hit the orc knight. You kick the orc knight.
The orc knight is lightly wounded.
You closely miss the orc warrior. You completely miss the orc.
The orc warrior barely misses you.
The orc warrior hits you with a +0 trident.
The orc closely misses you.
You feel very mighty all of a sudden.
The orc warrior hits you from afar with a +0 glaive!!
* * * LOW HITPOINT WARNING * * *
You block the orc warrior's attack. The orc hits you with a +0 trident.
* * * LOW HITPOINT WARNING * * *
The helpless orc knight fails to defend itself.
You slash the orc knight!
You kick the orc knight, but do no damage.
The orc knight is moderately wounded.
You hit the orc.
You kill the orc!
Cheibriados appreciates the change of pace.
You closely miss the orc warrior. The orc warrior barely misses you.
The orc warrior hits you with a +0 trident!!
You die...

...........♣....♣#
.................#
####........####..#
#$.####''####.$#.##
#.....).)......###
##...8....8...##
#).########..# #).#
.# #.@# # #oo#..#
#.o#..# #..#....
#..##....# #..#
#++## #... ...8
.... ....


You could see an orc knight (paralysed) and 2 orc warriors.

Vanquished Creatures
  A wyvern (D:7)
  Menkaure (D:5)
  A steam dragon (D:7)
  3 water moccasins
  An ice beast (D:7)
  2 orc warriors
  A sky beast (D:7)
  3 black bears
  2 centaurs
  A phantom (D:6)
  2 bullfrogs (D:4)
  2 gnoll sergeants (D:7)
  A necrophage (D:5)
  3 hounds
  A jelly (D:6)
  2 orc priests
  Ijyb (D:4)
  An iguana (D:7)
  Natasha (twice) (D:3)
  4 orc wizards
  7 gnolls
  10 adders
  An ufetubus (D:7)
  A worm (D:2)
  A dart slug (D:2)
  24 orcs
  7 endoplasms
  3 giant cockroaches
  5 goblins
  5 hobgoblins
  4 quokkas
  8 ball pythons
  4 bats
  7 frilled lizards
  9 kobolds
  11 rats
142 creatures vanquished.

Vanquished Creatures (others)
  3 plants (D:7)
3 creatures vanquished.

Grand Total: 145 creatures vanquished

Notes
Turn   | Place    | Note
-------+----------+-------------------------------------------
     0 | D:1      | Morbidden the Demonspawn Fighter began the quest for the
                  | Orb.
     0 | D:1      | Reached XP level 1. HP: 18/18 MP: 1/1
    93 | D:1      | Found Dalaapre's Assorted Antiques.
   314 | D:1      | Gained mutation: You regenerate magic rapidly. [demonic
                  | ancestry]
   314 | D:1      | Reached XP level 2. HP: 20/24 MP: 2/2
   480 | D:1      | Reached skill level 2 in Axes
  1180 | D:2      | Gained mutation: You have large cloven feet. [demonic
                  | ancestry]
  1180 | D:2      | Reached XP level 3. HP: 29/29 MP: 3/3
  1257 | D:2      | Found a faded altar of an unknown god.
  1634 | D:2      | Reached XP level 4. HP: 35/35 MP: 5/5
  1655 | D:2      | Reached skill level 3 in Axes
  1972 | D:2      | Learned a level 1 spell: Foxfire
  2590 | D:4      | Noticed a black bear
  2590 | D:4      | Found a staircase to the Ecumenical Temple.
  2594 | Temple   | Entered the Ecumenical Temple
  3017 | Temple   | Became a worshipper of Cheibriados the Contemplative
  3044 | D:4      | Gained mutation: You are partially covered in razor-sharp
                  | scales. (AC +1, Slay +1) [demonic ancestry]
  3044 | D:4      | Reached XP level 5. HP: 34/41 MP: 6/6
  3139 | D:4      | Killed a black bear
  3140 | D:4      | Reached skill level 4 in Axes
  3140 | D:4      | Reached skill level 1 in Dodging
  3140 | D:4      | Reached skill level 1 in Spellcasting
  3140 | D:4      | Gained mutation: You are mostly covered in razor-sharp
                  | scales. (AC +2, Slay +2) [demonic ancestry]
  3140 | D:4      | Reached XP level 6. HP: 31/47 MP: 7/7
  3236 | D:4      | Noticed Ijyb
  3257 | D:4      | Killed Ijyb
  3257 | D:4      | Reached * piety under Cheibriados
  3284 | D:4      | Found a burning altar of Makhleb.
  3329 | D:4      | Noticed Natasha
  3339 | D:3      | Killed Natasha
  3343 | D:3      | Reached skill level 1 in Invocations
  3421 | D:3      | Noticed Natasha
  3427 | D:3      | Killed Natasha
  3455 | D:3      | Reached skill level 1 in Fire Magic
  3574 | D:4      | Reached skill level 5 in Axes
  3574 | D:4      | Reached skill level 1 in Conjurations
  3574 | D:4      | Reached XP level 7. HP: 46/53 MP: 7/9
  3693 | D:4      | Reached ** piety under Cheibriados
  3792 | D:4      | Learned a level 5 spell: Manifold Assault
  3793 | D:5      | Entered Level 5 of the Dungeon
  3820 | D:5      | Noticed Menkaure
  3827 | D:5      | Killed Menkaure
  4134 | D:5      | Found Xiplac's Assorted Antiques.
  4380 | D:5      | Reached XP level 8. HP: 60/60 MP: 9/11
  4743 | D:6      | Reached skill level 1 in Translocations
  5071 | D:6      | Reached skill level 6 in Axes
  5780 | D:7      | Reached XP level 9. HP: 27/66 MP: 13/13
  5790 | D:7      | Reached *** piety under Cheibriados
  5825 | D:7      | Reached skill level 1 in Maces & Flails
  5872 | D:7      | Identified the +8 spear of Duty {freeze, Int+6}
  5873 | D:7      | Found a flagged portal.
  5890 | D:7      | Noticed Prince Ribbit
  5897 | D:7      | Reached skill level 7 in Axes
  5902 | D:7      | Identified the +5 spear of Feeding Slow Death {venom,
                  | *Corrode rN+ Str+2}
  5905 | Bailey   | Entered a bailey
  5983 | Bailey   | Noticed an orc knight
  5985 | Bailey   | Found a large runed translucent door.
  5985 | Bailey   | Found a large runed translucent door.
  5989 | Bailey   | Noticed a deep elf pyromancer
  5992 | Bailey   | Slain by an orc warrior

Illustrated notes

Levels and vault maps discovered:
D:1:      matt_arrival_los_fun, layout_loops_ring, serial_shops,
          nicolae_shop_crystal
D:2:      cheibrodos_helix_gallery, layout_loops_corners,
          hellmonk_ecumenical_altar_lost_god, minmay_tall_x
D:3:      layout_basic
D:4:      layout_rooms, mainiacjoe_overflow_chevrons,
          minmay_temple_entry_butterflies, uniq_natasha, uniq_ijyb
D:5:      layout_basic, serial_shops,
          nicolae_shop_temple_entry_statues_fountains, chequers_arboretum,
          lemuel_old_faithful, uniq_menkaure
D:6:      layout_basic, supply_closet_lemuel, lemuel_flame_loot_1
D:7:      layout_loops_ring, enter_bailey_2, st_stairs_6, dk_vineyard_3,
          palyth_stone_intersect, nicolae_grassy_gnolls, uniq_prince_ribbit1,
          uniq_crazy_yiuf_cottage
Temple:   compressed_dpeg_triangle_lava_temple
Bailey:   bailey_polearm_elven_captive_hellmonk, bailey

Skill      XL: |  1  2  3  4  5  6  7  8  9 |
---------------+----------------------------+-----
Axes           | 2 3 4 5 6 7 |  7.1
Armour         | 3 4 |  4.1
Shields        | 3 |  3.9
Dodging        | 1 2 |  2.7
Spellcasting   | 1 2 3 |  3.0
Invocations    | 1 2 3 4 |  4.0
Fire Magic     | 1 2 |  2.5
Conjurations   | 1 2 |  2.9
Fighting       | 4 |  4.8
Translocations | 2 |  2.4
Maces & Flails | 1 |  1.2

Action                   |  1- 3 |  4- 6 |  7- 9 || total
-------------------------+-------+-------+-------++-------
Melee: War axe           |    84 |   147 |   177 ||   408
       Kick              |     6 |    28 |    57 ||    91
Throw: Dart              |       |       |     2 ||     2
Evoke: Wand              |       |       |     3 ||     3
  Use: Scroll            |       |     5 |     9 ||    14
       Potion            |       |     3 |     1 ||     4
 Stab: Paralysed         |       |       |     2 ||     2
Armor: Scale mail        |     4 |       |       ||     4
       Chain mail        |    51 |    75 |   101 ||   227
Dodge: Dodged            |    20 |    67 |   115 ||   202
Block: Buckler           |    23 |    65 |    98 ||   186

Table legend: (Time is in decaauts)
 A = Elapsed time spent in this place.
 B = Non-inter-level travel time spent in this place.
 C = Inter-level travel time spent in this place.
 D = Time resting spent in this place.
 E = Time spent auto-exploring this place.
 F = Levels seen in this place.
 G = Mean time per level.
                   A        B        C        D        E       F      G
               +--------+--------+--------+--------+--------+-----+--------+
         Total |   7113 |   6833 |    280 |    678 |   4649 |   9 |  790.3 |
       Dungeon |   6549 |   6287 |    262 |    513 |   4341 |   7 |  935.6 |
        Temple |    447 |    430 |     17 |    155 |    247 |   1 |  447.0 |
        Bailey |    116 |    116 |      0 |     10 |     60 |   1 |  116.0 |
               +--------+--------+--------+--------+--------+-----+--------+

Top non-repeatable levels by time:
     D:6: 1453 daAuts
     D:5: 1121 daAuts
     D:1: 1055 daAuts
     D:2: 998 daAuts
     D:3: 863 daAuts
     D:4: 728 daAuts
  Temple: 447 daAuts
     D:7: 329 daAuts
  Bailey: 116 daAuts
